AoeStats
← Matutinus

Arabia

508231645Analyzed
1v1 RM · 11d ago on Sep 21, 2026· 41m 9s· 2 players
Game mode
Random Map
Map size
Tiny (2 player)
Population
200
Speed
Normal
Resources
Standard
Victory
Conquest
Starting age
Dark Age
Ending age
Imperial Age
RankedLock teamsTeams togetherTeam positionsShared explorationLock speedFull tech treeHidden civsTurbo modeCheats
Victory
Defeat
🇦🇷 Goths · Argentina
1360
+33
🇨🇦 Lithuanians · Canada
1433
-19
I Have a Plan
1:35 Loom
9:00 Feudal Age
10:04 Double-Bit Axe
16:21 Fletching
21:10 Castle Age
19:19 Padded Archer Armor
20:01 Gold Mining
21:20 Crossbowman
21:56 Bodkin Arrow
22:56 Bow Saw
23:35 Town Watch
27:04 Scale Barding Armor
28:10 Horse Collar
33:02 Wheelbarrow
36:19 Imperial Age
34:36 Ballistics
34:34 Pikeman
35:15 Scale Mail Armor
36:22 Anarchy
37:11 Chain Mail Armor
39:25 Chemistry
39:24 Halberdier
Matutinus
6:47 Loom
8:56 Feudal Age
9:36 Double-Bit Axe
12:27 Horse Collar
16:24 Wheelbarrow
20:29 Castle Age
19:07 Fletching
19:51 Padded Archer Armor
21:34 Bloodlines
21:50 Bow Saw
22:19 Bodkin Arrow
23:42 Elite Skirmisher
25:05 Leather Archer Armor
30:39 Ballistics
30:56 Husbandry
32:35 Hand Cart
33:47 Gold Mining
33:48 Stone Mining
38:10 Imperial Age
36:45 Heavy Plow
37:46 Forging
37:41 Scale Barding Armor
38:23 Town Watch
40:04 Conscription
41:50 Ring Archer Armor
42:23 Chemistry
Connection lost

Rejoining the realm…

Still unreachable

The connection could not be restored.

Session expired

The server has moved on; the page needs a fresh start.